 Dungeon Crawl Stone Soup version 0.29.0-4-gdea44cf6ec (webtiles) character file.

Game seed: 8441752371035923973

85 qw the Chopper (level 4, 0/26 HPs)
             Began as a Tengu Warper on Aug 28, 2022.
             Succumbed to a kobold's poison
             ... on level 3 of the Dungeon.
             The game lasted 00:00:11 (2497 turns).

qw the Chopper (Tengu Warper)                       Turns: 2497, Time: 00:00:12

Health: 0/26       AC:  6    Str: 13    XL:     4   Next: 48%
Magic:  8/8        EV:  9    Int: 13    God:
Gold:   123        SH:  0    Dex: 14    Spells: 7/7 levels left

rFire   . . .      SeeInvis .   Y - +1 hand axe
rCold   . . .      Faith    .   (no shield)
rNeg    + . .      Spirit   .   k - +0 scale mail
rPois   .          Reflect  .   (helmet restricted)
rElec   .          Harm     .   (no cloak)
rCorr   .          Rampage  .   (no gloves)
Will    .....                   (boots unavailable)
Stlth   ..........              (no amulet)
HPRegen 0.08/turn               d - ring of positive energy
MPRegen 0.11/turn               (no ring)

@: lethally poisoned (0 -> -10)
A: beak, talons 3
a: no special abilities


You were on level 3 of the Dungeon.
You visited 1 branch of the dungeon, and saw 3 of its levels.

You collected 123 gold pieces.


Innate Abilities, Weirdness & Mutations

You have a beak for a mouth.
You have claws for feet.


   Skills:
 - Level 2.0 Fighting
 + Level 5.0 Axes
 - Level 1.0 Throwing
 - Level 1.1 Armour
 - Level 2.1 Dodging
 - Level 2.0 Spellcasting
 - Level 2.4 Translocations


You had 7 spell levels left.
You didn't know any spells.
Your spell library contained the following spells:

 Spells                   Type           Power      Damage    Failure   Level
 Blink                    Tloc           14%        N/A       56%         2
 Gell's Gravitas          Tloc           7%         N/A       80%         3
 Lesser Beckoning         Tloc           7%         N/A       80%         3
 Teleport Other           Tloc           7%         N/A       80%         3
 Manifold Assault         Tloc           7%         N/A       100%        5

Inventory:

Hand Weapons
 f - a +0 mace
 Y - a +1 hand axe (weapon)
Missiles
 e - 2 javelins (quivered)
Armour
 k - a +0 scale mail (worn)
Jewellery
 d - a ring of positive energy (left hand)
Scrolls
 j - a scroll of enchant armour
 l - a scroll of teleportation
Potions
 a - a potion of magic {unknown}
 b - a potion of resistance {unknown}
 c - a potion of flight {unknown}
 g - a potion of heal wounds
 h - 2 potions of curing {unknown}
 i - a potion of mutation {unknown}

Dungeon Overview and Level Annotations

Branches:
Dungeon (3/15)

Altars:

Shops:
D:2 [


Message History

The adder is severely wounded.
The adder bites you but does no damage.
You hit the adder. Your kick misses the adder. You peck the adder.
You kill the adder!
Your Axes skill increases to level 5!
You start resting.
HP restored.
e - 4 javelins (gained 2)
A kobold comes into view.
It is wielding a +0 dagger and quivering poisoned darts.
The kobold shouts!
The kobold throws a poisoned dart.
The poisoned dart hits you!
You are poisoned.
You see here an orange potion.
Throw: 4 javelins
Press: ? - help, Q - select action Shift-Dir - straight line, f - kobold You throw a javelin.
The javelin pierces through the kobold.
The kobold is moderately wounded.
You feel sick.
The kobold throws a poisoned dart.
The poisoned dart hits you.
You are more poisoned.
Throw: 3 javelins
Press: ? - help, Q - select action Shift-Dir - straight line, f/p - kobold You throw a javelin.
The javelin misses the kobold.
You feel very sick.
The kobold throws a poisoned dart.
The poisoned dart hits you!
You are more poisoned.
2491 ||| FLEEEEING.
You feel very sick.
2492 ||| FLEEEEING.
You feel very sick.
2493 ||| FLEEEEING.
You feel very sick.
2494 ||| FLEEEEING.
You feel sick.
The kobold throws a poisoned dart.
The poisoned dart hits you!
You are lethally poisoned!
2495 ||| FLEEEEING.
You feel very sick.
2496 ||| FLEEEEING.
You feel very sick.
2497 ||| FLEEEEING.
You die...

## #.$ .((.? # #.[ ..... .
#.# #...# # #.# #...###......
.# #.# #............
...#######.###...........#
(.....K......%...##..?....
..........................
.......!......@..........###.
.................##..........
....$.###.#####......#.....).
. ...... #.# #.%....#..... ..
..... #.# #....###.#.###...
..... #.##.....#.............
.... .................##...
.... ##.....###........>.~
+.....# ###..<###..~


There were no monsters in sight!

Vanquished Creatures
  4 adders
  3 dart slugs
  An orc (D:3)
  3 ball pythons
  6 bats
  5 endoplasms
  A giant cockroach (D:3)
  4 goblins
  2 hobgoblins
  2 jackals (D:2)
  2 quokkas (D:1)
  2 kobolds (D:2)
  4 rats
39 creatures vanquished.

Vanquished Creatures (others)
  2 plants (D:1)
2 creatures vanquished.

Grand Total: 41 creatures vanquished

Notes
Turn   | Place    | Note
-------+----------+-------------------------------------------
     0 | D:1      | qw the Tengu Warper began the quest for the Orb.
     0 | D:1      | Reached XP level 1. HP: 12/12 MP: 4/4
     0 | D:1      | 0 ||| qw: Version: 0.1-a-89-g26bdef1
     0 | D:1      | 0 ||| qw: Game counter: 455
     0 | D:1      | 0 ||| qw: Always use a shield: true
     0 | D:1      | 0 ||| qw: God list: Okawaru
     0 | D:1      | 0 ||| qw: Allow faded altars: false
     0 | D:1      | 0 ||| qw: Do Orc after D:15 true
     0 | D:1      | 0 ||| qw: Do second Lair branch before Depths: true
     0 | D:1      | 0 ||| qw: Lair rune preference: random
     0 | D:1      | 0 ||| qw: Plans: Normal
     0 | D:1      | 0 ||| PLANNING D:1-11
    12 | D:1      | 12 ||| Stepping ~*~*~tactically~*~*~ (hiding).
   349 | D:1      | Reached XP level 2. HP: 14/17 MP: 6/6
   356 | D:1      | Reached skill level 3 in Axes
   417 | D:1      | 417 ||| Stepping ~*~*~tactically~*~*~ (water).
   525 | D:1      | 525 ||| Stepping ~*~*~tactically~*~*~ (stealth).
   529 | D:1      | 529 ||| Stepping ~*~*~tactically~*~*~ (stealth).
  1168 | D:1      | 1168 ||| UPGRADING to +0 scale mail.
  1178 | D:1      | 1178 ||| DROPPING +0 leather armour.
  1179 | D:1      | 1179 ||| UPGRADING to ring of positive energy.
  1180 | D:1      | 1180 ||| READING scroll labelled COMASH DISOKAH.
  1184 | D:1      | 1184 ||| READING scroll labelled IKHUZU UPLASS.
  1185 | D:1      | 1185 ||| READING scroll labelled UMABBA PUNKU.
  1186 | D:1      | 1186 ||| READING 2 scrolls labelled BEH ONLEXOSS.
  1187 | D:1      | 1187 ||| DROPPING scroll of blinking.
  1212 | D:2      | 1212 ||| Stepping ~*~*~tactically~*~*~ (stealth).
  1218 | D:2      | Reached skill level 4 in Axes
  1218 | D:2      | Reached XP level 3. HP: 20/21 MP: 7/7
  1234 | D:2      | 1234 ||| Stepping ~*~*~tactically~*~*~ (stealth).
  1235 | D:2      | 1235 ||| Stepping ~*~*~tactically~*~*~ (stealth).
  1236 | D:2      | 1236 ||| Stepping ~*~*~tactically~*~*~ (stealth).
  1237 | D:2      | 1237 ||| Stepping ~*~*~tactically~*~*~ (stealth).
  1238 | D:2      | 1238 ||| Stepping ~*~*~tactically~*~*~ (stealth).
  1390 | D:2      | 1390 ||| Stepping ~*~*~tactically~*~*~ (stealth).
  1419 | D:2      | 1419 ||| Stepping ~*~*~tactically~*~*~ (stealth).
  1422 | D:2      | 1422 ||| Stepping ~*~*~tactically~*~*~ (stealth).
  1423 | D:2      | 1423 ||| Stepping ~*~*~tactically~*~*~ (stealth).
  1424 | D:2      | 1424 ||| Stepping ~*~*~tactically~*~*~ (stealth).
  1501 | D:2      | 1501 ||| Stepping ~*~*~tactically~*~*~ (stealth).
  1510 | D:2      | 1510 ||| Stepping ~*~*~tactically~*~*~ (stealth).
  1511 | D:2      | 1511 ||| Stepping ~*~*~tactically~*~*~ (stealth).
  1514 | D:2      | 1514 ||| Stepping ~*~*~tactically~*~*~ (stealth).
  1515 | D:2      | 1515 ||| Stepping ~*~*~tactically~*~*~ (stealth).
  1517 | D:2      | 1517 ||| Stepping ~*~*~tactically~*~*~ (stealth).
  1728 | D:2      | 1728 ||| Stepping ~*~*~tactically~*~*~ (hiding).
  1733 | D:2      | 1733 ||| Stepping ~*~*~tactically~*~*~ (hiding).
  1738 | D:2      | Reached XP level 4. HP: 22/26 MP: 8/8
  1833 | D:2      | Found Hoewn's Armour Boutique.
  1841 | D:2      | 1841 ||| SHOPLISTING +0 ring mail of the Stained God {rPois
                  | rC+ Dex+3 Stlth+} (313 gold, have 95).
  1841 | D:2      | 1841 ||| SHOPLISTING +6 scale mail of Unambiguity {Rampage
                  | Str+3 Dex+3} (536 gold, have 95).
  1841 | D:2      | 1841 ||| SHOPLISTING +9 scales of the Dragon King {rPois
                  | rF+ rC+ Will+} (1248 gold, have 95).
  1841 | D:2      | 1841 ||| SHOPLISTING scarf of repulsion (120 gold, have
                  | 95).
  2080 | D:2      | 2080 ||| READING scroll labelled ZITEME DYME.
  2081 | D:2      | 2081 ||| DRINKING 2 fuming black potions.
  2302 | D:3      | 2302 ||| Stepping ~*~*~tactically~*~*~ (hiding).
  2303 | D:3      | 2303 ||| Stepping ~*~*~tactically~*~*~ (hiding).
  2370 | D:3      | 2370 ||| DROPPING +0 club.
  2451 | D:3      | Reached skill level 5 in Axes
  2491 | D:3      | 2491 ||| FLEEEEING.
  2492 | D:3      | 2492 ||| FLEEEEING.
  2493 | D:3      | 2493 ||| FLEEEEING.
  2494 | D:3      | 2494 ||| FLEEEEING.
  2495 | D:3      | 2495 ||| FLEEEEING.
  2495 | D:3      | HP: 5/26 [poisoned by a kobold]
  2496 | D:3      | 2496 ||| FLEEEEING.
  2496 | D:3      | HP: 2/26 [poisoned by a kobold]
  2497 | D:3      | 2497 ||| FLEEEEING.
  2497 | D:3      | Succumbed to a kobold's poison

Levels and vault maps discovered:
D:1:      erik_arrival_blinker_ship, layout_basic, serial_bayou_ford_a
D:2:      layout_basic, serial_shops, nicolae_shop_stone, hex_large
D:3:      layout_basic, nicolae_ecumenical_lake_church, nrook_mini_vaults

Skill      XL: |  1  2  3  4 |
---------------+-------------+-----
Axes           | 4 5 |  5.0
Fighting       | |  2.0
Throwing       | |  1.0
Armour         | |  1.1
Dodging        | |  2.1
Spellcasting   | |  2.0
Translocations | |  2.4

Action                   |  1- 3 |  4- 6 || total
-------------------------+-------+-------++-------
Melee: Hand axe          |    63 |    20 ||    83
       Kick              |    14 |     1 ||    15
       Peck              |     8 |     7 ||    15
       Punch             |     1 |       ||     1
Throw: Boomerang         |     7 |       ||     7
       Javelin           |       |    12 ||    12
  Use: Scroll            |     4 |     1 ||     5
       Potion            |       |     1 ||     1
Armor: Leather armour    |    11 |       ||    11
       Scale mail        |     7 |    13 ||    20
Dodge: Dodged            |    32 |     5 ||    37

Table legend:
 A = Non-vault XP
 B = Vault XP
 C = Vault XP percentage of total XP
 D = Non-vault monster count
 E = Vault monster count
 F = Vault count percentage of total count
                 A         B        C        D         E       F
            +---------+---------+-------+---------+---------+-------
      Total |     122 |       0 |   0.0 |      39 |       0 |   0.0
            +---------+---------+-------+---------+---------+-------
        D:1 |      31 |       0 |   0.0 |      17 |       0 |   0.0
        D:2 |      56 |       0 |   0.0 |      16 |       0 |   0.0
        D:3 |      35 |       0 |   0.0 |       6 |       0 |   0.0
            +---------+---------+-------+---------+---------+-------
